 Dungeon Crawl Stone Soup version 0.32-a0-86-g8db1b9f803 (webtiles) character file.

Game seed: 17248710920296666338

43 Newt the Chiller (level 3, -1/24 HPs)
             Began as a Merfolk Ice Elementalist on Feb 5, 2024.
             Killed by nerve-wracking pain
             ... invoked by an orc priest
              (9 damage)
             ... on level 2 of the Dungeon.
             The game lasted 00:02:13 (1496 turns).

Newt the Chiller (Merfolk Ice Elementalist)         Turns: 1496, Time: 00:02:13

Health: -1/24      AC:  2    Str:  8    XL:     3   Next: 58%
Magic:  2/7        EV: 13    Int: 22    God:
Gold:   104        SH:  0    Dex: 14    Spells: 6/7 levels left

rFire   . . .        f - staff of air
rCold   . . .        (no shield)
rNeg    . . .        a - +0 robe
rPois   .            (no helmet)
rElec   +            (no cloak)
rCorr   .            (no gloves)
SInv    .            (no boots)
Will    .....        (no amulet)
Stlth   ++           b - +6 ring of intelligence
HPRegen 0.24/turn    (no ring)
MPRegen 0.10/turn

%: no passive effects
@: no status effects
A: (nimble swimmer 2), mertail
a: no special abilities


You were on level 2 of the Dungeon.
You visited 1 branch of the dungeon, and saw 3 of its levels.

You collected 104 gold pieces.

Inventory:

Armour
 a - a +0 robe (worn)
Magical Staves
 f - a staff of air (weapon)
Jewellery
 b - a +6 ring of intelligence (left hand)
 h - an amulet of guardian spirit
Scrolls
 c - a scroll of summoning {unknown}
 d - a scroll of teleportation {unknown}
 e - a scroll of fear {unknown}
 g - a scroll of enchant weapon {unknown}
 i - a scroll of identify {unknown}
Potions
 j - a potion of enlightenment {unknown}
 k - 2 potions of lignification {unknown}


   Skills:
 - Level 4.0 Dodging
 - Level 2.1 Stealth
 * Level 2.9 Spellcasting
 - Level 4.3 Ice Magic


You had 6 spell levels left.
You knew the following spells:

 Your Spells              Type           Power      Damage    Failure   Level
a - Freeze                Ice            88%        1d9       1%          1

Your spell library contained the following spells:

 Spells                   Type           Power      Damage    Failure   Level
 Frozen Ramparts          Ice            44%        1d7       6%          3
 Ozocubu's Armour         Ice            22%        N/A       6%          3
 Summon Small Mammal      Summ           12%        N/A       13%         1
 Summon Ice Beast         Ice/Summ       12%        N/A       16%         3
 Call Canine Familiar     Summ           3%         N/A       36%         3
 Summon Blazeheart Golem  Fire/Summ      3%         N/A       77%         4
 Haunt                    Necr/Summ      1%         N/A       100%        7
 Borgnjor's Revivificati  Necr           1%         N/A       100%        8
 Death's Door             Necr           1%         N/A       100%        9


Dungeon Overview and Level Annotations

Branches:
Dungeon (3/15)

Altars:
Xom

Shops:
D:1 [   D:3 !


Innate Abilities, Weirdness & Mutations

((You are very nimble when in or above water. (Stealth+, EV+, Speed+++)))
Your lower body shifts to a powerful aquatic tail in water.


Message History

Search for what [Enter for "."]? .
You see here a bat corpse.
There is a stone staircase leading down here.
You climb downwards.
The orc priest shouts!
The orc shouts! x2; You hear a shout!
Found five items.
Found Sesoom's Distillery.
Found a stone staircase leading down.
There is a stone staircase leading up here.
There are monsters nearby!
An orc comes into view. It is wielding a +0 mace.
The orc priest hits you with a +0 dagger.
You climb upwards.
There is a stone staircase leading down here.
You freeze the orc priest.
The orc priest is lightly wounded.
The orc priest hits you but does no damage.
You freeze the orc priest.
The orc priest is heavily wounded.
The orc priest hits you with a +0 dagger.
You freeze the orc priest.
The orc priest is severely wounded.
The orc priest mumbles some strange prayers to Beogh against you.
Pain shoots through your body!
You freeze the orc priest.
The orc priest is severely wounded.
The orc priest invokes the aid of Beogh against you.
Beogh smites you!
Unknown command.
You are too injured to fight recklessly!
You are too injured to fight recklessly!
Casting: Freeze (safe; 1% risk of failure)
Confirm with . or Enter, or press ? or * to list all spells.
Aiming: Freeze (safe; 1% risk of failure)
Press: ? - help, Shift-Dir - straight line, f/p - orc priest
Aim: an orc priest, wielding a +0 dagger and wearing a +0 chain mail (severely wounded)
You freeze the orc priest.
The orc priest is almost dead.
The orc priest calls down the wrath of Beogh upon you.
Pain shoots through your body!
You die...

###.##.#.##......# #..#
#......#.######### #.##
#.####...### ######.#
#.#........## ###......#
#.#.######..## ##........#
#.#.# ##..###.........#
#.#.#### ##..##.#.......#
#.#....# ##.##o#.......#
#.####.#### #...@#.......#
#.####....######.#.......####
..........##...#.#..........#
.....##...##...#.#..........##
....###...##...#.######.._...#
#..###.[..##...#.######.†....#
#####.....##...#.............#
#
#......##...#######.###...###
# #......##...# #...#.......#


You could see an orc priest.

Vanquished Creatures
  2 dart slugs (D:2)
  2 ribbon worms (D:2)
  A ball python (D:2)
  2 endoplasms
  2 giant cockroaches
  2 hobgoblins
  8 jackals (D:1)
  3 quokkas
  4 bats
  2 frilled lizards (D:1)
  2 kobolds
  2 rats
32 creatures vanquished.

Notes
Turn   | Place    | Note
-------+----------+-------------------------------------------
     0 | D:1      | Newt the Merfolk Ice Elementalist began the quest for the
                  | Orb.
     0 | D:1      | Reached XP level 1. HP: 13/13 MP: 3/3
   130 | D:1      | Reached XP level 2. HP: 17/19 MP: 1/5
   217 | D:1      | Found Ecsihyth's Armour Boutique.
   527 | D:1      | Found a faded altar of an unknown god.
   697 | D:2      | Found a shimmering altar of Xom.
   881 | D:2      | Reached XP level 3. HP: 21/23 MP: 2/6
  1487 | D:3      | Found Sesoom's Distillery.
  1496 | D:2      | Killed from afar by an orc priest

Illustrated notes

Levels and vault maps discovered:
D:1:      lightli_arrival_farm, layout_rooms, serial_shops,
          nicolae_shop_advertising_works [nicolae_subvault_shop_adworks],
          hellmonk_ecumenical_altar_leap_of_faith
D:2:      layout_basic, basic_altar, minivault_19
D:3:      layout_rooms, nicolae_overflow_crystal_walls, okawaru_gym_becter,
          mainiacjoe_overflow_tiny_flanked, serial_shops, shop, shop, shop,
          shop, nicolae_shop_pleasant_corner_grove, nrook_mini_backslash,
          hangedman_decor_slide_cut, serial_bayou_lagoon_b

Skill      XL: |  1  2 |
---------------+-------+-----
Dodging        | 3 4 |  4.0
Stealth        | |  2.1
Spellcasting   | |  2.9
Ice Magic      | |  4.3

Action                     || total
---------------------------++-------
  Melee: Unarmed           ||    11
         Staff             ||    32
         Punch             ||     1
   Cast: Freeze            ||    51
    Use: Potion            ||     1
 Armour: Robe              ||    54
  Dodge: Dodged            ||    86

Table legend: (Time is in decaauts)
 A = Elapsed time spent in this place.
 B = Non-inter-level travel time spent in this place.
 C = Inter-level travel time spent in this place.
 D = Time resting spent in this place.
 E = Time spent auto-exploring this place.
 F = Levels seen in this place.
 G = Mean time per level.
                   A        B        C        D        E       F      G
               +--------+--------+--------+--------+--------+-----+--------+
         Total |   1484 |   1453 |     31 |    102 |   1109 |   3 |  494.7 |
       Dungeon |   1484 |   1453 |     31 |    102 |   1109 |   3 |  494.7 |
               +--------+--------+--------+--------+--------+-----+--------+

Top non-repeatable levels by time:
     D:2: 855 daAuts
     D:1: 625 daAuts
     D:3: 3 daAuts
